 Dungeon Crawl Stone Soup version 0.21.1-1-g345015f (webtiles) character file.

209 Stepladder the Covered (level 5, 0/34 HPs)
             Began as a Gargoyle Fighter on June 21, 2018.
             Slain by a gnoll
             ... wielding a +0 scythe
              (11 damage)
             ... on level 3 of the Dungeon.
             The game lasted 00:12:08 (3157 turns).

Stepladder the Covered (Gargoyle Fighter)           Turns: 3157, Time: 00:12:08

Health: 0/34       AC: 13    Str: 20    XL:     5   Next: 87%
Magic:  5/5        EV:  5    Int:  8    God:
Gold:   126        SH:  9    Dex: 10    Spells: 4/4 levels left

rFire    x . .     SeeInvis .   m - +0 mace
rCold    + . .     Gourm    .   c - +0 shield
rNeg     + . .     Faith    .   e - +0 chain mail
rPois    ∞         Spirit   .   (no helmet)
rElec    +         Reflect  .   (no cloak)
rCorr    .         Harm     .   (no gloves)
MR       .....                  (no boots)
Stlth    ..........             (no amulet)
HPRegen  0.11/turn              r - ring of ice
MPRegen  0.09/turn              (no ring)

@: no status effects
A: negative energy resistance 1, electricity resistance, unbreathing,
petrification resistance, rot immunity, AC +4
a: no special abilities


You were on level 3 of the Dungeon.
You were not hungry.

You visited 1 branch of the dungeon, and saw 4 of its levels.

You collected 126 gold pieces.

Inventory:

Hand Weapons
 m - a +0 mace (weapon)
 n - a +0 hunting sling
Missiles
 b - 12 poisoned needles (quivered)
Armour
 c - a +0 shield (worn)
 e - a +0 chain mail (worn)
 p - a +0 plate armour
Jewellery
 r - a ring of ice (left hand)
Wands
 q - a wand of disintegration (12)
Scrolls
 a - a scroll of enchant armour {unknown}
 g - a scroll of fear {unknown}
 h - 3 scrolls of fog {unknown}
 i - 2 scrolls of remove curse {unknown}
 k - a scroll of teleportation {unknown}
 s - a scroll of immolation {unknown}
 u - 3 scrolls of amnesia {unknown}
Potions
 d - a potion of might
 j - 4 potions of curing
 l - 2 potions of resistance
 o - 2 potions of agility {unknown}
 t - a potion of magic {unknown}
Comestibles
 f - 2 rations


   Skills:
 + Level 4.6 Fighting
 - Level 2.0 Maces & Flails
 + Level 4.6 Armour
 - Level 2.2 Stealth
 + Level 4.5 Shields


You had 4 spell levels left.
You didn't know any spells.

Dungeon Overview and Level Annotations

Branches:
Dungeon (4/15)
 Temple: D:4-7

Altars:
Dithmenos
Trog

Annotations:
D:4 Blork the orc


Innate Abilities, Weirdness & Mutations

You are resistant to torment.
Your stone body is resilient. (AC +4)
You are immune to poison.
You resist negative energy. (rN+)
You are resistant to electric shocks. (rElec)
You can survive without breathing.
You are immune to petrification.
You are immune to rotting.


Message History

There is a stone staircase leading down here.
You block the gnoll's attack. The gnoll hits you with a scythe.
The gnoll hits you from afar with a scythe.
You closely miss the gnoll. You block the gnoll's attack.
You hit the gnoll.
The gnoll is moderately wounded.
The gnoll hits you from afar with a scythe.
You block the gnoll's attack.
You closely miss the gnoll.
The gnoll is moderately wounded.
The gnoll hits you from afar with a scythe!
You hit the gnoll but do no damage.
The gnoll is moderately wounded.
The gnoll barely misses you. The gnoll completely misses you.
You closely miss the gnoll.
The gnoll is lightly wounded.
The gnoll hits you but does no damage.
The gnoll hits you from afar with a scythe!
You die...

#.....##.....(....#
###.....######..#####
##......######..#
.#...........#..# ###
...#####........# ####.# ...#
#........# #....# ...#
#......##########.##.### ...#
#......###......#.....># ...#
######..g@.........)...# ...####
##..g##......#......#
......#####...#......###......#
....#.##.....##.##...#........#
#...#......#.#..##............#
#...#..........#..............#
.........##...#..#..<...##..#.#
...#...........>.#......##..#.##
....#...#..........[....##..#..#


You could see 2 gnolls.

Vanquished Creatures
  An orc priest (D:3)
  An orc wizard (D:2)
  2 centaur skeletons
  2 adders
  An ooze (D:2)
  A worm (D:2)
  A dart slug (D:2)
  2 leopard geckos (D:1)
  9 orcs
  6 bats
  2 giant cockroaches
  3 goblins
  7 hobgoblins
  7 jackals (D:1)
  3 kobolds
  A quokka (D:3)
  7 frilled lizards
  A jackal skeleton (D:4)
  2 rats
59 creatures vanquished.

Notes
Turn   | Place    | Note
-------+----------+-------------------------------------------
     0 | D:1      | Stepladder the Gargoyle Fighter began the quest for the Orb.
     0 | D:1      | Reached XP level 1. HP: 14/14 MP: 1/1
    96 | D:1      | Reached XP level 2. HP: 19/19 MP: 2/2
   274 | D:1      | Reached skill level 1 in Stealth
   586 | D:1      | Reached XP level 3. HP: 23/23 MP: 3/3
   874 | D:2      | Found a shadowy altar of Dithmenos.
  1181 | D:2      | Reached XP level 4. HP: 29/29 MP: 4/4
  1864 | D:3      | Reached XP level 5. HP: 21/33 MP: 5/5
  2124 | D:3      | Found a bloodstained altar of Trog.
  2350 | D:4      | Noticed Blork the orc
  2560 | D:4      | Noticed a phantom
  3157 | D:3      | Slain by a gnoll

Skill      XL: |  1  2  3  4 |
---------------+-------------+-----
Stealth        | 1 2 |  2.2
Fighting       | 4 |  4.6
Armour         | 4 |  4.6
Shields        | 4 |  4.5
Maces & Flails | |  2.0

Action                   |  1- 3 |  4- 6 || total
-------------------------+-------+-------++-------
Melee: Flail             |    50 |       ||    50
       Mace              |    65 |   185 ||   250
  Use: Scroll            |     1 |     4 ||     5
  Eat: Chunk             |     1 |     5 ||     6
       Ration            |       |     1 ||     1
Armor: Scale mail        |    58 |       ||    58
       Chain mail        |     4 |   160 ||   164
Dodge: Dodged            |    35 |    52 ||    87
Block: Shield            |    57 |   137 ||   194
